[Event "Gibraltar Masters 18th"]
[Site "Gibraltar"]
[Date "2020.01.27"]
[Round "7.18"]
[White "Gordon, Stephen J"]
[Black "Deac, Bogdan-Daniel"]
[Result "1/2-1/2"]
[ECO "A14"]
[WhiteElo "2504"]
[BlackElo "2626"]
[PlyCount "100"]
[EventDate "2020.01.21"]
[EventType "swiss"]
[EventRounds "10"]
[EventCountry "GGB"]
[SourceTitle "BritBase"]
[Source "John Saunders"]
[SourceDate "2021.06.05"]
[SourceVersion "1"]
[SourceVersionDate "2021.06.05"]
[SourceQuality "1"]
[TimeControl "40/100:0"]
[WhiteClock "0:15:18"]
[BlackClock "1:42:31"]

1. c4 Nf6 2. Nf3 e6 3. g3 d5 4. Bg2 Be7 5. O-O O-O 6. b3 d4 7. e3 c5 8. Ne5 Qc7 9. exd4 cxd4 10. Re1 Nc6 11. Qe2 Bd6 12. Nxc6 bxc6 13. Ba3 Rd8 14. Bxd6 Rxd6 15. c5 Rd8 16. Na3 Rb8 17. Nc4 Nd7 18.
Rac1 Ba6 19. Qf3 Bxc4 20. Rxc4 Rbc8 21. Rxd4 Nxc5 22. Rxd8+ Qxd8 23. d4 Qxd4 24. Rd1 Qf6 25. Qxf6 gxf6 26. Rd6 Na6 27. Rd7 Rc7 28. Rxc7 Nxc7 29. Bxc6 Kf8 30. Kg2 Ke7 31. Kh3 f5 32. Kh4 a5 33. Kg5 Na6 34. Bb5 Nb4 35. a3 Nd5 36. Bc4 Nf6 37. f3 Nd7 38.
Kh6 Ne5 39. Be2 Nc6 40. Kxh7 Nd4 41. Bd1 e5 42. b4 axb4 43. axb4 e4 44. fxe4 fxe4 45. g4 Nf3 46. b5 Nxh2 47. b6 Kd6 48. Kg7 Kc6 49. Kxf7 Nxg4 50. Bxg4 Kxb6 1/2-1/2

[Event "Gibraltar Masters 18th"]
[Site "Gibraltar"]
[Date "2020.01.27"]
[Round "7.19"]
[White "Abergel, Thal"]
[Black "Vocaturo, Daniele"]
[Result "0-1"]
[ECO "A15"]
[WhiteElo "2478"]
[BlackElo "2622"]
[PlyCount "90"]
[EventDate "2020.01.21"]
[EventType "swiss"]
[EventRounds "10"]
[EventCountry "GGB"]
[SourceTitle "BritBase"]
[Source "John Saunders"]
[SourceDate "2021.06.05"]
[SourceVersion "1"]
[SourceVersionDate "2021.06.05"]
[SourceQuality "1"]
[TimeControl "40/100:0"]
[WhiteClock "0:04:50"]
[BlackClock "0:23:40"]

1. Nf3 Nf6 2. c4 g6 3. b3 Bg7 4. Bb2 O-O 5. g3 d6 6. Bg2 e5 7. d3 Nc6 8. O-O Bf5 9. Nc3 Qd7 10. Re1 Bh3 11. Bh1 h6 12. d4 e4 13. d5 Nb4 14. a3 Na6 15. Nd4 e3 16. fxe3 Rae8 17. b4 Ng4 18. e4 Ne5 19. e3 Nxc4 20. Qe2 Nxb2 21. Qxb2 h5 22. Bg2 Bg4 23. Qc2 h4 24. gxh4 Qd8 25. Qf2 Bf6 26. Rf1 Bxh4 27. Qf4 Bh5 28. Rac1 Qe7 29. Rc2 f5 30. Ne6 g5 31. Qxf5 Rxf5 32. exf5 g4 33. Ne4 Bf6 34. Ng3 Qh7 35. Rc4 Qh6 36. Nxh5 Qxh5 37. Rff4 Kf7 38. Rxg4 Rg8 39. h3 Rxg4 40. hxg4 Qh4 41. Re4 Qe1+ 42. Bf1 Nb8 43. Kg2 Bh4 44. Rf4 Nd7 45. e4 Nf6 0-1

[Event "Gibraltar Masters 18th"]
[Site "Gibraltar"]
[Date "2020.01.27"]
[Round "7.20"]
[White "Yilmaz, Mustafa"]
[Black "Pogonina, Natalija"]
[Result "1-0"]
[ECO "D35"]
[WhiteElo "2607"]
[BlackElo "2479"]
[PlyCount "93"]
[EventDate "2020.01.21"]
[EventType "swiss"]
[EventRounds "10"]
[EventCountry "GGB"]
[SourceTitle "BritBase"]
[Source "John Saunders"]
[SourceDate "2021.06.05"]
[SourceVersion "1"]
[SourceVersionDate "2021.06.05"]
[SourceQuality "1"]
[TimeControl "40/100:0"]
[WhiteClock "0:54:21"]
[BlackClock "0:48:28"]

1. c4 e6 2. Nc3 d5 3. d4 Nf6 4. cxd5 exd5 5. Bg5 c6 6. e3 Be7 7. Bd3 Nbd7 8. Nf3 Nh5 9. Bxe7 Qxe7 10. O-O O-O 11. Qb1 Nhf6 12. b4 a5 13. bxa5 Rxa5 14. a4 Qd6 15. Rc1 Re8 16. Nd2 Ra8 17. a5 h5 18. Nf3 g6 19. Qc2 Kg7 20. Ne2 Ra7 21. Nf4 Ng8 22. a6 Ne7 23.
axb7 Rxa1 24. Rxa1 Bxb7 25. Bf1 Ra8 26. Rb1 Bc8 27. Rc1 Rb8 28.
Qa2 Qb4 29. Nd3 Qb3 30. Qa5 Qb6 31. Qa3 Qd8 32. h3 Nf6 33.
Nfe5 Bd7 34. Nc5 Be8 35. Ra1 Nd7 36. Ncxd7 Bxd7 37. Qc5 Be8 38. Bd3 Kf8 39. Ra7 g5 40. Bf5 Ra8 41. Rxa8 Qxa8 42. Qd6 g4 43. Qh6+ Kg8 44. Bh7+ Kh8 45. Bg6+ Kg8 46. Qh7+ Kf8 47. Bxf7 1-0

[Event "Gibraltar Masters 18th"]
[Site "Gibraltar"]
[Date "2020.01.27"]
[Round "7.21"]
[White "Song, Raymond"]
[Black "Can, Emre"]
[Result "1/2-1/2"]
[ECO "B51"]
[WhiteElo "2478"]
[BlackElo "2600"]
[PlyCount "77"]
[EventDate "2020.01.21"]
[EventType "swiss"]
[EventRounds "10"]
[EventCountry "GGB"]
[SourceTitle "BritBase"]
[Source "John Saunders"]
[SourceDate "2021.06.05"]
[SourceVersion "1"]
[SourceVersionDate "2021.06.05"]
[SourceQuality "1"]
[TimeControl "40/100:0"]
[WhiteClock "1:25:06"]
[BlackClock "0:07:31"]

1. e4 c5 2. Nf3 d6 3. Bb5+ Nd7 4. O-O a6 5. Bd3 Ngf6 6. Re1 e6 7. c3 b5 8. Bc2 c4 9. a4 Bb7 10. d4 cxd3 11. Qxd3 Nc5 12. Qe2 bxa4 13. Be3 Nfd7 14. Bd4 e5 15. Bxc5 Nxc5 16. Bxa4+ Nxa4 17. Rxa4 Be7 18. c4 O-O 19. Nc3 Bc6 20. Ra2 Qb8 21. Rea1 Qb7 22. c5 dxc5 23. Nxe5 Bb5 24. Nc4 Rfe8 25. Nd5 Bf8 26. b3 f5 27. f3 Rad8 28. Rd1 Qf7 29. Rad2 Bc6 30. Qf2 fxe4 31. fxe4 Qxf2+ 32. Kxf2 Rb8 33. Na5 Bb5 34. Kf3 Re6 35. Nf4 Ree8 36. Nd5 Re6 37. Nf4 Ree8 38. Nd5 Re6 39. Nf4 1/2-1/2

[Event "Gibraltar Masters 18th"]
[Site "Gibraltar"]
[Date "2020.01.27"]
[Round "7.22"]
[White "Abdumalik, Zhansaya"]
[Black "Vaibhav, Suri"]
[Result "1-0"]
[ECO "B90"]
[WhiteElo "2471"]
[BlackElo "2593"]
[PlyCount "65"]
[EventDate "2020.01.21"]
[EventType "swiss"]
[EventRounds "10"]
[EventCountry "GGB"]
[SourceTitle "BritBase"]
[Source "John Saunders"]
[SourceDate "2021.06.05"]
[SourceVersion "1"]
[SourceVersionDate "2021.06.05"]
[SourceQuality "1"]
[TimeControl "40/100:0"]
[WhiteClock "0:47:11"]
[BlackClock "0:07:38"]

1. e4 c5 2. Nf3 d6 3. d4 cxd4 4. Nxd4 Nf6 5. Nc3 a6 6. h3 e5 7. Nde2 h5 8. g3 Be6 9. Bg2 b5 10. a4 b4 11. Nd5 a5 12. O-O Be7 13.
c3 Na6 14. Be3 O-O 15. Bb6 Qd7 16. Bxa5 Bxd5 17. exd5 Rfb8 18. b3 Qb7 19. Rb1 Nd7 20. Nc1 bxc3 21. Bxc3 Rc8 22. Na2 Nf6 23. b4 Nc7 24. Bxe5 dxe5 25. d6 e4 26. dxe7 Ncd5 27. Re1 Nxe7 28. a5 Nc6 29. Nc3 Rd8 30. Qa4 Rd2 31. Nxe4 Nxe4 32. Rxe4 Qa7 33. Re3 1-0

[Event "Gibraltar Masters 18th"]
[Site "Gibraltar"]
[Date "2020.01.27"]
[Round "7.23"]
[White "Kadric, Denis"]
[Black "Krishna, C R G."]
[Result "1/2-1/2"]
[ECO "C00"]
[WhiteElo "2585"]
[BlackElo "2436"]
[PlyCount "56"]
[EventDate "2020.01.21"]
[EventType "swiss"]
[EventRounds "10"]
[EventCountry "GGB"]
[SourceTitle "BritBase"]
[Source "John Saunders"]
[SourceDate "2021.06.05"]
[SourceVersion "1"]
[SourceVersionDate "2021.06.05"]
[SourceQuality "1"]
[TimeControl "40/100:0"]
[WhiteClock "0:45:46"]
[BlackClock "0:44:15"]

1. e4 e6 2. d3 d5 3. Nd2 c5 4. g3 Nf6 5. e5 Nfd7 6. f4 Nc6 7. Ndf3 Be7 8.
Nh3 O-O 9. Bg2 f6 10. exf6 Nxf6 11. O-O Qc7 12. Re1 Bd6 13. Qe2 Bd7 14. c3 Kh8 15. Ne5 Be8 16. Ng5 Nd8 17. h3 h6 18. Ngf3 Nd7 19. Kh2 Nxe5 20.
Nxe5 Nc6 21. Nxc6 Bxc6 22. d4 cxd4 23. cxd4 Qb6 24. Be3 Bb4 25. Rec1 Bd6 26. Re1 Bb4 27. Rec1 Bd6 28. Re1 Bb4 1/2-1/2

[Event "Gibraltar Masters 18th"]
[Site "Gibraltar"]
[Date "2020.01.27"]
[Round "7.24"]
[White "Haug, Johannes"]
[Black "Idani, Pouya"]
[Result "1/2-1/2"]
[ECO "D37"]
[WhiteElo "2407"]
[BlackElo "2577"]
[PlyCount "76"]
[EventDate "2020.01.21"]
[EventType "swiss"]
[EventRounds "10"]
[EventCountry "GGB"]
[SourceTitle "BritBase"]
[Source "John Saunders"]
[SourceDate "2021.06.05"]
[SourceVersion "1"]
[SourceVersionDate "2021.06.05"]
[SourceQuality "1"]
[TimeControl "40/100:0"]
[WhiteClock "0:02:59"]
[BlackClock "0:37:23"]

1. d4 Nf6 2. c4 e6 3. Nf3 d5 4. Nc3 a6 5. cxd5 exd5 6. Bf4 Bd6 7. Bg3 O-O 8. e3 Bf5 9. Be2 c6 10. Qb3 Bxg3 11. hxg3 Qc7 12. Ne5 Nbd7 13. g4 Be6 14. Nxd7 Bxd7 15. g5 Ng4 16. Qc2 g6 17. Nxd5 Qa5+ 18. Nc3 Rfe8 19. d5 cxd5 20. Qd2 Rad8 21. Rh4 d4 22. Qxd4 Bf5 23. Qa4 Qxa4 24. Nxa4 Re4 25. Nc5 Nxe3 26. Rxe4 Nc2+ 27. Kf1 Nxa1 28. Rc4 b6 29. g4 Bb1 30. Rc1 bxc5 31. Rxb1 Nc2 32. Rc1 Rd2 33. Bxa6 Nb4 34. Bb5 Rxb2 35. a4 Nc2 36. Bd3 Nb4 37. Bb5 Nc2 38. Bd3 Nb4 1/2-1/2

[Event "Gibraltar Masters 18th"]
[Site "Gibraltar"]
[Date "2020.01.27"]
[Round "7.25"]
[White "Aryan, Chopra"]
[Black "Wemmers, Xander"]
[Result "1-0"]
[ECO "B12"]
[WhiteElo "2562"]
[BlackElo "2380"]
[PlyCount "87"]
[EventDate "2020.01.21"]
[EventType "swiss"]
[EventRounds "10"]
[EventCountry "GGB"]
[SourceTitle "BritBase"]
[Source "John Saunders"]
[SourceDate "2021.06.05"]
[SourceVersion "1"]
[SourceVersionDate "2021.06.05"]
[SourceQuality "1"]
[TimeControl "40/100:0"]
[WhiteClock "0:29:57"]
[BlackClock "0:30:10"]

1. e4 c6 2. d4 d5 3. e5 Bf5 4. Be3 e6 5. Nd2 Nd7 6. Ngf3 Ne7 7. Be2 Bg6 8.
Nh4 Nf5 9. Nxf5 Bxf5 10. O-O h5 11. c4 dxc4 12. Nxc4 Be4 13. a4 g6 14. a5 Bd5 15. Qd2 Be7 16. Rfc1 Kf8 17. a6 b6 18. h3 Rc8 19. Bf4 Kg7 20. Ne3 Nb8 21. Rc3 Be4 22. Nc4 Bd5 23.
Nd6 Rc7 24. Rg3 Rd7 25. Bd3 Rxd6 26. exd6 Bxd6 27. Be5+ Bxe5 28. dxe5 Nd7 29. Qf4 Qe7 30. h4 c5 31. Rd1 Nb8 32. Be4 Rd8 33. Rgd3 Nxa6 34. Bxd5 exd5 35. Rxd5 Rxd5 36. Rxd5 Nc7 37. Rd6 Ne6 38. Qe4 b5 39. g3 a5 40. Qd5 a4 41. Rd7 Qe8 42. Ra7 b4 43.
Ra8 Qb5 44. Qf3 1-0

[Event "Gibraltar Masters 18th"]
[Site "Gibraltar"]
[Date "2020.01.27"]
[Round "7.26"]
[White "Lombaers, Peter"]
[Black "Maze, Sebastien"]
[Result "0-1"]
[ECO "E81"]
[WhiteElo "2383"]
[BlackElo "2550"]
[PlyCount "102"]
[EventDate "2020.01.21"]
[EventType "swiss"]
[EventRounds "10"]
[EventCountry "GGB"]
[SourceTitle "BritBase"]
[Source "John Saunders"]
[SourceDate "2021.06.05"]
[SourceVersion "1"]
[SourceVersionDate "2021.06.05"]
[SourceQuality "1"]
[TimeControl "40/100:0"]
[WhiteClock "0:19:14"]
[BlackClock "0:38:32"]

1. d4 Nf6 2. c4 g6 3. f3 d6 4. e4 Bg7 5. Nc3 c6 6. Be3 a6 7. c5 O-O 8. Nge2 Nbd7 9. Qd2 Qc7 10. Ng3 dxc5 11. dxc5 h5 12. Be2 h4 13. Nf1 Ne5 14. Qc2 Rd8 15. Nd2 h3 16. g3 Be6 17. O-O Rd7 18. Na4 Rf8 19. Nb3 Nh5 20.
g4 Nf6 21. Kh1 Rdd8 22. Rg1 Bxb3 23. axb3 Ned7 24. Raf1 e5 25. Rg3 Rfe8 26. Rxh3 Nf8 27. Bc4 Ne6 28. Bxe6 Rxe6 29. Rg3 Nh7 30. Rg2 Ree8 31. Nb6 Nf8 32. Nc4 Ne6 33. Nd6 Re7 34. b4 Red7 35. Rd2 Bf8 36. Nc4 Rxd2 37. Bxd2 Nd4 38. Qc1 Nb3 39. Qc3 Nxd2 40. Nxd2 Bh6 41. Nc4 Rd4 42. Qb3 Qe7 43. Rd1 Qh4 44. Kg2 Bf4 45. Rxd4 Qxh2+ 46. Kf1 exd4 47. Ke1 Qh1+ 48. Ke2 Qg2+ 49. Kd1 Qf1+ 50. Kc2 Qe2+ 51. Kb1 d3 0-1

[Event "Gibraltar Masters 18th"]
[Site "Gibraltar"]
[Date "2020.01.27"]
[Round "7.27"]
[White "Buksa, Nataliya"]
[Black "Gukesh, Dommaraju"]
[Result "0-1"]
[ECO "B01"]
[WhiteElo "2403"]
[BlackElo "2542"]
[PlyCount "78"]
[EventDate "2020.01.21"]
[EventType "swiss"]
[EventRounds "10"]
[EventCountry "GGB"]
[SourceTitle "BritBase"]
[Source "John Saunders"]
[SourceDate "2021.06.05"]
[SourceVersion "1"]
[SourceVersionDate "2021.06.05"]
[SourceQuality "1"]
[TimeControl "40/100:0"]
[WhiteClock "0:03:32"]
[BlackClock "0:02:33"]

1. e4 d5 2. exd5 Nf6 3. d4 Bg4 4. f3 Bf5 5. c4 e6 6. dxe6 Nc6 7. Be3 Bb4+ 8. Nc3 Qe7 9. Bd3 Bxe6 10. Kf2 O-O-O 11. Nge2 Rhe8 12. Qd2 Qd6 13. Rad1 Qe7 14. Rhe1 Na5 15. b3 Nc6 16. Qc1 Ba3 17. Qd2 Bb4 18. Ra1 a6 19. Rad1 Kb8 20. h3 h6 21. Bb1 g5 22. d5 Bc8 23.
Nd4 Ne5 24. Nf5 Bxf5 25. Bxf5 Qd6 26. Bd4 c5 27. Be3 Nh5 28. Rg1 Qf6 29. Qc2 Bxc3 30. Bxc5 Nf4 31. Be3 Ba5 32. Be4 g4 33. Bf5 Qh4+ 34. Kf1 Neg6 35. b4 Rxe3 36. bxa5 Re2 37. Qxe2 Nxe2 38. Kxe2 gxf3+ 39. gxf3 Qxc4+ 0-1

[Event "Gibraltar Masters 18th"]
[Site "Gibraltar"]
[Date "2020.01.27"]
[Round "7.28"]
[White "Le, Quang Liem"]
[Black "Plotkin, Victor"]
[Result "1-0"]
[ECO "A36"]
[WhiteElo "2713"]
[BlackElo "2267"]
[PlyCount "67"]
[EventDate "2020.01.21"]
[EventType "swiss"]
[EventRounds "10"]
[EventCountry "GGB"]
[SourceTitle "BritBase"]
[Source "John Saunders"]
[SourceDate "2021.06.05"]
[SourceVersion "1"]
[SourceVersionDate "2021.06.05"]
[SourceQuality "1"]
[TimeControl "40/100:0"]
[WhiteClock "0:17:49"]
[BlackClock "0:03:19"]

1. c4 e5 2. g3 c5 3. Nc3 Nc6 4. d3 d6 5. Bg2 g6 6. a3 a5 7. f4 Bg7 8. fxe5 Nxe5 9. Nh3 Ne7 10. Nf4 O-O 11. O-O Rb8 12. h3 Bd7 13. Bd2 Bc6 14. Rb1 Bxg2 15.
Kxg2 N5c6 16. Qa4 Nf5 17. Nfd5 Re8 18. e4 Nfd4 19. Nb5 f5 20.
Nxd4 Nxd4 21. Bxa5 Qg5 22. Rbe1 Be5 23. Re3 f4 24. h4 Qh6 25. gxf4 Bg7 26. Qd7 Ne6 27. Bc3 Bxc3 28. bxc3 Qxh4 29. Rh3 Qg4+ 30. Rg3 Nxf4+ 31. Rxf4 Qxd7 32. Nf6+ Kg7 33.
Nxd7 Ra8 34. Nf6 1-0

[Event "Gibraltar Masters 18th"]
[Site "Gibraltar"]
[Date "2020.01.27"]
[Round "7.29"]
[White "Ivanchuk, Vassily"]
[Black "Ravi, Teja S"]
[Result "1/2-1/2"]
[ECO "D27"]
[WhiteElo "2698"]
[BlackElo "2464"]
[PlyCount "67"]
[EventDate "2020.01.21"]
[EventType "swiss"]
[EventRounds "10"]
[EventCountry "GGB"]
[SourceTitle "BritBase"]
[Source "John Saunders"]
[SourceDate "2021.06.05"]
[SourceVersion "1"]
[SourceVersionDate "2021.06.05"]
[SourceQuality "1"]
[TimeControl "40/100:0"]
[WhiteClock "0:42:00"]
[BlackClock "0:04:49"]

1. c4 e6 2. Nc3 d5 3. d4 Nf6 4. Nf3 dxc4 5. e3 a6 6. a4 b6 7. Bxc4 Bb7 8. O-O Nbd7 9. Qe2 c5 10. Rd1 Qc7 11. Bd2 Bd6 12. Rac1 O-O 13.
dxc5 bxc5 14. h3 Bxf3 15. Qxf3 Ne5 16. Qe2 Nxc4 17. Qxc4 Rfb8 18. Rc2 Rb4 19. Qe2 Rb3 20. Na2 Qc6 21. Qc4 Qd5 22. Qxd5 Nxd5 23. Nc1 Rb7 24. Nd3 f5 25. Kf1 Kf7 26. Ke2 Nb6 27. Ra1 c4 28. Nb4 Rc8 29. Nxa6 Ra8 30. Bb4 Bxb4 31. Nxb4 Nxa4 32. Nc6 Rxb2 33. Rxb2 Nc3+ 34. Kf3 1/2-1/2

[Event "Gibraltar Masters 18th"]
[Site "Gibraltar"]
[Date "2020.01.27"]
[Round "7.30"]
[White "Lagarde, Maxime"]
[Black "Cramling, Pia"]
[Result "1/2-1/2"]
[ECO "A07"]
[WhiteElo "2651"]
[BlackElo "2470"]
[PlyCount "208"]
[EventDate "2020.01.21"]
[EventType "swiss"]
[EventRounds "10"]
[EventCountry "GGB"]
[SourceTitle "BritBase"]
[Source "John Saunders"]
[SourceDate "2021.06.05"]
[SourceVersion "1"]
[SourceVersionDate "2021.06.05"]
[SourceQuality "1"]
[TimeControl "40/100:0"]
[WhiteClock "0:05:17"]
[BlackClock "0:01:01"]

1. g3 d5 2. Nf3 g6 3. Bg2 Bg7 4. O-O e5 5. d3 Ne7 6. c4 dxc4 7. dxc4 Qxd1 8.
Rxd1 O-O 9. Nc3 c6 10. e4 c5 11. Nd5 Nbc6 12. Bg5 f6 13. Nxe7+ Nxe7 14. Be3 b6 15. Rd6 Kf7 16. a3 Be6 17. b4 cxb4 18. axb4 Bxc4 19. Bh3 Rfd8 20. Rxd8 Rxd8 21. Nd2 Be6 22. Bxe6+ Kxe6 23.
Rxa7 Bf8 24. b5 Nc8 25. Rc7 Nd6 26. Rc6 Kd7 27. Rxb6 Rc8 28.
Ra6 Nxb5 29. Rxf6 Nd6 30. g4 Be7 31. Rf3 Rf8 32. Rxf8 Bxf8 33. Bc5 Bg7 34. Bxd6 Kxd6 35. Nf3 Bf6 36. Kf1 Be7 37. h4 h5 38. g5 Bd8 39. Ke2 Bb6 40. Nd2 Ke6 41. Nc4 Bc5 42. Nb2 Bd6 43. Nd3 Bc7 44. Kd2 Ba5+ 45. Kc2 Kd6 46. Kb3 Bb6 47. Kc4 Ba7 48. Kb5 Bd4 49. Ka5 Kc6 50. Ka6 Kc7 51. Kb5 Kd6 52. Kc4 Ba1 53. f3 Ke6 54. Nc5+ Kd6 55.
Nd3 Ke6 56. Kc5 Bd4+ 57. Kc6 Bg1 58. Nc5+ Ke7 59. Kd5 Bf2 60. Nd3 Bxh4 61. Nxe5 Bxg5 62. Nxg6+ Kf6 63. Ne5 Be3 64. Nc4 Bf4 65. e5+ Kf7 66. Ke4 Bc1 67. f4 h4 68. Ne3 h3 69. Nf1 Kg6 70.
Nh2 Bb2 71. Nf3 Bc1 72. f5+ Kh5 73. Nh2 Kg5 74. Nf1 Ba3 75.
f6 Kg6 76. Nh2 Bc1 77. Kd5 Bf4 78. Ke6 Bg5 79. Ng4 Bc1 80. Kd7 Ba3 81. e6 h2 82. e7 h1=Q 83. e8=Q+ Kg5 84. Qe3+ Kxg4 85. Qxa3 Qd5+ 86. Qd6 Qf7+ 87. Qe7 Qd5+ 88. Kc7 Qa5+ 89. Kc6 Qa6+ 90. Kc5 Qa5+ 91. Kc4 Qa6+ 92. Kb3 Qd3+ 93. Kb4 Qd4+ 94. Ka5 Qd5+ 95. Kb6 Qd4+ 96. Kb5 Qd5+ 97. Qc5 Qe6 98. Qc4+ Kf5 99. f7 Qd7+ 100. Kb4 Qd2+ 101. Kc5 Qa5+ 102. Kc6 Qa8+ 103. Kd7 Kf6 104. Qe6+ Kg7 1/2-1/2

[Event "Gibraltar Masters 18th"]
[Site "Gibraltar"]
[Date "2020.01.27"]
[Round "7.31"]
[White "Durarbayli, Vasif"]
[Black "Real De Azua, Ernesto"]
[Result "1-0"]
[ECO "C95"]
[WhiteElo "2625"]
[BlackElo "2456"]
[PlyCount "101"]
[EventDate "2020.01.21"]
[EventType "swiss"]
[EventRounds "10"]
[EventCountry "GGB"]
[SourceTitle "BritBase"]
[Source "John Saunders"]
[SourceDate "2021.06.05"]
[SourceVersion "1"]
[SourceVersionDate "2021.06.05"]
[SourceQuality "1"]
[TimeControl "40/100:0"]
[WhiteClock "1:41:13"]
[BlackClock "0:31:28"]

1. e4 e5 2. Nf3 Nc6 3. Bb5 a6 4. Ba4 Nf6 5. O-O Be7 6. Re1 b5 7. Bb3 d6 8. c3 O-O 9. h3 Nb8 10. d4 Nbd7 11. c4 c6 12. Nc3 b4 13.
Ne2 Nxe4 14. Qc2 Nef6 15. Ng3 c5 16. dxe5 Nxe5 17. Nxe5 dxe5 18. Rxe5 Bd6 19. Re2 Qc7 20. Bg5 Bxg3 21. fxg3 Qxg3 22. Bxf6 gxf6 23. Rf1 f5 24. Rf3 Qg7 25. Qd3 Qd4+ 26. Qxd4 cxd4 27. Bc2 Be6 28. b3 a5 29. Rd2 Rfd8 30. Bxf5 a4 31. Rg3+ Kh8 32. Be4 Ra5 33. Bd5 axb3 34. axb3 Ra1+ 35. Kh2 Bxd5 36. Rxd4 Rh1+ 37. Kxh1 Bxg2+ 38. Kxg2 Rxd4 39. Kf3 Rd3+ 40. Kf4 Rxg3 41. Kxg3 Kg7 42. Kf4 Kf6 43. h4 Ke6 44. h5 f5 45. h6 Kf6 46. c5 Ke6 47. c6 Kd6 48.
Kxf5 Kxc6 49. Ke6 Kc5 50. Ke5 Kc6 51. Kd4 1-0

[Event "Gibraltar Masters 18th"]
[Site "Gibraltar"]
[Date "2020.01.27"]
[Round "7.32"]
[White "Chigaev, Maksim"]
[Black "Paveto, Kevin"]
[Result "1-0"]
[ECO "C54"]
[WhiteElo "2616"]
[BlackElo "2452"]
[PlyCount "109"]
[EventDate "2020.01.21"]
[EventType "swiss"]
[EventRounds "10"]
[EventCountry "GGB"]
[SourceTitle "BritBase"]
[Source "John Saunders"]
[SourceDate "2021.06.05"]
[SourceVersion "1"]
[SourceVersionDate "2021.06.05"]
[SourceQuality "1"]
[TimeControl "40/100:0"]
[WhiteClock "1:12:36"]
[BlackClock "0:25:43"]

1. e4 e5 2. Nf3 Nc6 3. Bc4 Bc5 4. d3 Nf6 5. c3 d6 6. Nbd2 a6 7. Bb3 Ba7 8. h3 h6 9. Nf1 d5 10. exd5 Nxd5 11. Ng3 O-O 12. O-O Re8 13. Re1 Be6 14. Nh5 Nf6 15. Nxf6+ Qxf6 16. Be3 Bxe3 17. Rxe3 Rad8 18. Qe2 Bxb3 19. axb3 Qe6 20. b4 Rd5 21. d4 f6 22. Re1 Qd6 23. Nd2 Rd8 24. Ne4 Qf8 25. dxe5 Nxe5 26. Nc5 Rd2 27. Qf1 Qf7 28. Nxb7 R8d5 29. Qxa6 Rxb2 30. Nc5 Kh7 31. Ne4 f5 32. Nc5 Rd6 33. Qf1 Ng6 34. R3e2 Rxe2 35. Qxe2 Qd5 36. Ne6 Rc6 37. b5 Rxc3 38. Qh5 Qd2 39. Re2 Rc1+ 40. Kh2 Qd6+ 41. f4 Nf8 42. Qxf5+ Kg8 43. Qg4 Nxe6 44. Rxe6 Qd7 45. Qg6 Kf8 46. f5 Rf1 47. f6 gxf6 48. Rxf6+ Rxf6 49. Qxf6+ Ke8 50. Qh8+ Ke7 51. Qg7+ Kd6 52. Qxd7+ Kxd7 53. g4 c5 54. bxc6+ Kxc6 55. Kg3 1-0

[Event "Gibraltar Masters 18th"]
[Site "Gibraltar"]
[Date "2020.01.27"]
[Round "7.33"]
[White "Moussard, Jules"]
[Black "Panjwani, Raja"]
[Result "1/2-1/2"]
[ECO "B11"]
[WhiteElo "2600"]
[BlackElo "2444"]
[PlyCount "63"]
[EventDate "2020.01.21"]
[EventType "swiss"]
[EventRounds "10"]
[EventCountry "GGB"]
[SourceTitle "BritBase"]
[Source "John Saunders"]
[SourceDate "2021.06.05"]
[SourceVersion "1"]
[SourceVersionDate "2021.06.05"]
[SourceQuality "1"]
[TimeControl "40/100:0"]

1. e4 c6 2. Nc3 d5 3. Nf3 Nf6 4. e5 Ne4 5. Ne2 Qb6 6. d4 e6 7. Ng3 c5 8. Bd3 Nxg3 9. fxg3 Nc6 10. O-O cxd4 11. a3 h6 12. b4 Bd7 13. Bb2 a6 14. Qd2 Be7 15. Rae1 O-O-O 16. Qf4 f6 17. Bxd4 Nxd4 18. Qxd4 Qxd4+ 19. Nxd4 fxe5 20. Nxe6 Bxe6 21. Rxe5 Rhe8 22. Rfe1 Bf6 23.
Rxe6 Rxe6 24. Rxe6 Kd7 25. Bf5 Kc7 26. g4 Rd6 27. Re8 Rc6 28.
Kf2 Rc3 29. a4 Rc4 30. Rc8+ Kd6 31. Rxc4 dxc4 32. Ke3 1/2-1/2

[Event "Gibraltar Masters 18th"]
[Site "Gibraltar"]
[Date "2020.01.27"]
[Round "7.34"]
[White "Javakhishvili, Lela"]
[Black "Tregubov, Pavel V"]
[Result "1/2-1/2"]
[ECO "E11"]
[WhiteElo "2463"]
[BlackElo "2588"]
[PlyCount "65"]
[EventDate "2020.01.21"]
[EventType "swiss"]
[EventRounds "10"]
[EventCountry "GGB"]
[SourceTitle "BritBase"]
[Source "John Saunders"]
[SourceDate "2021.06.05"]
[SourceVersion "1"]
[SourceVersionDate "2021.06.05"]
[SourceQuality "1"]
[TimeControl "40/100:0"]
[WhiteClock "0:19:21"]
[BlackClock "0:09:10"]

1. d4 Nf6 2. c4 e6 3. Nf3 Bb4+ 4. Bd2 Qe7 5. g3 Bxd2+ 6. Qxd2 Nc6 7. Bg2 Ne4 8. Qc2 Qb4+ 9. Kf1 d5 10. e3 dxc4 11. Nbd2 Nxd2+ 12. Nxd2 Na5 13. Bf3 e5 14. Kg2 exd4 15. exd4 O-O 16. Rhe1 Rb8 17. a3 Qd6 18. Nxc4 Nxc4 19. Qxc4 Bd7 20. Rac1 Rfc8 21. Qc5 Qxc5 22. Rxc5 c6 23. d5 Kf8 24. dxc6 Bxc6 25. Rec1 Bxf3+ 26. Kxf3 Rxc5 27. Rxc5 Rd8 28. Ke3 Ke7 29. h4 Kd6 30. Kd4 Ke6+ 31. Ke3 Kd6 32. Kd4 Ke6+ 33. Ke3 1/2-1/2

[Event "Gibraltar Masters 18th"]
[Site "Gibraltar"]
[Date "2020.01.27"]
[Round "7.35"]
[White "Peralta, Fernando"]
[Black "Womacka, Mathias"]
[Result "1-0"]
[ECO "E11"]
[WhiteElo "2574"]
[BlackElo "2439"]
[PlyCount "93"]
[EventDate "2020.01.21"]
[EventType "swiss"]
[EventRounds "10"]
[EventCountry "GGB"]
[SourceTitle "BritBase"]
[Source "John Saunders"]
[SourceDate "2021.06.05"]
[SourceVersion "1"]
[SourceVersionDate "2021.06.05"]
[SourceQuality "1"]
[TimeControl "40/100:0"]
[WhiteClock "0:34:00"]
[BlackClock "0:44:41"]

1. d4 Nf6 2. c4 e6 3. Nf3 Bb4+ 4. Nbd2 O-O 5. a3 Be7 6. e4 d5 7. e5 Nfd7 8. Bd3 c5 9. h4 g6 10. O-O Nc6 11. Re1 cxd4 12. Nf1 dxc4 13. Bxc4 Qc7 14. Bf4 Ncxe5 15. Bxe5 Qxc4 16. Bxd4 Nb6 17. Ne3 Qa4 18. Nd5 exd5 19. Qxa4 Nxa4 20. Rxe7 Nb6 21. b3 Nd7 22. Rc1 Nb8 23. Ne5 Nc6 24. Nxc6 bxc6 25. Bxa7 d4 26. Rd1 Be6 27. b4 Rfd8 28. Rxd4 Rxd4 29. Bxd4 Kf8 30. Rc7 Rxa3 31. b5 Rb3 32. b6 Ke8 33. Bc5 Rb5 34. Rxc6 h5 35. Rc7 Bd5 36. Kh2 f6 37. f3 g5 38. Bd4 Rb4 39. Bxf6 Rxh4+ 40. Kg3 Rb4 41. Re7+ Kf8 42. Re5 Kf7 43. Be7 h4+ 44. Kh2 Rxb6 45. Rxd5 Kxe7 46. Rxg5 Rb4 47. Kh3 1-0